 Dungeon Crawl Stone Soup version 0.28.0-53-g5a82cb258f (webtiles) character file.

Game seed: 15848150050439241946

570 sanboga the Chopper (level 7, -4/64 HPs)
             Began as a Deep Dwarf Fighter on July 7, 2022.
             Slain by an ogre
             ... wielding a +0 giant club
              (11 damage)
             ... on level 5 of the Dungeon.
             The game lasted 00:05:02 (3255 turns).

sanboga the Chopper (Deep Dwarf Fighter)            Turns: 3255, Time: 00:05:03

Health: -4/64      AC:  8    Str: 21    XL:     7   Next: 11%
Magic:  15/15 (6)  EV:  9    Int:  9    God:
Gold:   106        SH:  6    Dex: 18    Spells: 6/6 levels left

rFire   . . .      SeeInvis .   a - +0 war axe
rCold   . . .      Faith    .   c - +0 buckler
rNeg    . . .      Spirit   .   b - +0 scale mail
rPois   .          Reflect  .   i - +0 helmet
rElec   +          Harm     .   (no cloak)
rCorr   +          Rampage  .   (no gloves)
Will    +....                   (no boots)
Stlth   ..........              (no amulet)
HPRegen 0.00/turn               m - ring of Xom's Fair Game {rElec MP+9 Dex+6}
MPRegen 0.14/turn               s - ring of resist corrosion

@: no status effects
A: damage resistance, heal wounds, sense surroundings 1, no regeneration
a: Heal Wounds


You were on level 5 of the Dungeon.
You visited 1 branch of the dungeon, and saw 5 of its levels.

You collected 155 gold pieces.
You spent 49 gold pieces at shops.

Inventory:

Hand Weapons
 a - a +0 war axe (weapon)
Armour
 b - a +0 scale mail (worn)
 c - a +0 buckler (worn)
 i - a +0 helmet (worn)
Jewellery
 m - the ring of Xom's Fair Game (left hand) {rElec MP+9 Dex+6}
   (You found it on level 3 of the Dungeon)

   [ring of dexterity]

   Dex:       It affects your dexterity (+6).
   rElec:     It insulates you from electricity.
   MP:        It affects your magic capacity (+9).
 s - a ring of resist corrosion (right hand)
Wands
 p - a wand of iceblast (9)
Scrolls
 e - a scroll of magic mapping
 j - a scroll of enchant armour {unknown}
 l - a scroll of vulnerability {unknown}
 n - a scroll of acquirement {unknown}
 o - a scroll of summoning {unknown}
 t - a scroll of fear {unknown}
Potions
 f - a potion of mutation {unknown}
 g - a potion of resistance
 q - a potion of invisibility {unknown}
 r - a potion of degeneration {unknown}


   Skills:
 + Level 4.1 Fighting
 * Level 5.6 Axes
 + Level 4.9 Armour
 + Level 4.9 Shields


You had 6 spell levels left.
You didn't know any spells.
Your spell library contained the following spells:

 Spells                   Type           Power      Damage    Failure   Level
 Scorch                   Fire           0%         2d5       90%         2
 Ignite Poison            Fire/Tmut/Pois 0%         N/A       99%         3
 Mephitic Cloud           Conj/Pois/Air  0%         N/A       99%         3
 Flame Wave               Conj/Fire      0%         2d4       100%        4
 Freezing Cloud           Conj/Ice/Air   0%         6-21      100%        5
 Summon Cactus Giant      Summ           0%         N/A       100%        6


Dungeon Overview and Level Annotations

Branches:
Dungeon (5/15)
 Temple: D:4-7

Altars:
Kikubaaqudgha
Ru
Yredelemnul

Shops:
D:2 [

Annotations:
D:5 Eustachio, Sigmund


Innate Abilities, Weirdness & Mutations

You are resistant to damage.
You can heal yourself by infusing magical energy.
You passively map a small area around you.
You do not regenerate.


Message History

The bullfrog skeleton hits you but does no damage.
The bullfrog skeleton hits you.
You barely miss the bullfrog skeleton.
The bullfrog skeleton is heavily damaged.
You block the bullfrog skeleton's attack.
The bullfrog skeleton hits you.
You hit the bullfrog skeleton.
The bullfrog skeleton is heavily damaged.
The bullfrog skeleton hits you but does no damage.
You slash the bullfrog skeleton!
You destroy the bullfrog skeleton!
Your magical essence is drained by the effort!
You feel much better.
An ogre comes into view. It is wielding a +0 giant club.
The ogre shouts!
Sigmund the Dreaded comes into view.
He is wielding a +0 scythe.
The ogre moves out of view.
Sigmund is nearby!
Sigmund is nearby!
You start waiting.
An ogre is nearby!
It was a potion of heal wounds.
You feel much better. The ogre hits you with a +0 giant club.
You closely miss the ogre.
An ogre comes into view. It is wielding a +0 giant spiked club.
A black bear comes into view.
You block the ogre's attack.
The ogre moves out of view.
The black bear moves out of view.
You completely miss the ogre.
The ogre hits you with a +0 giant club!!
You hit the ogre.
The ogre is lightly wounded.
The ogre hits you with a +0 giant club!!
* * * LOW HITPOINT WARNING * * *
You slash the ogre!
The ogre is heavily wounded.
You hit the ogre.
The ogre is almost dead.
The ogre hits you with a +0 giant club!
You die...

, , , .....§§§§§§.
.... .....§§§§§§. ,
... .....§§§##.. ...,
* ......§§§§... ..
.............. , ,
#.####.............
#.................. ,
* #O....##......)))..
##@...........).##. ,
###...............##.
,
*#..#..#..............
##...##.......<......
##.................#
##.....#............#
#..##................
#..#...#...........#.
##....##.............


You could see an ogre.

Vanquished Creatures
  A black bear (D:5)
  A kobold brigand (D:5)
  A scorpion (D:4)
  A howler monkey (D:4)
  A bullfrog skeleton (D:5)
  An orc priest (D:4)
  An iguana (D:4)
  An orc wizard (D:4)
  A hound skeleton (D:5)
  2 gnolls
  7 adders
  An ufetubus (D:5)
  An adder skeleton (D:4)
  2 worms
  2 dart slugs
  3 orcs
  9 endoplasms
  3 giant cockroaches
  6 hobgoblins
  4 jackals (D:2)
  4 quokkas
  11 ball pythons
  5 bats
  4 frilled lizards
  6 goblins
  17 kobolds
  9 rats
105 creatures vanquished.

Vanquished Creatures (others)
  4 plants (D:5)
4 creatures vanquished.

Grand Total: 109 creatures vanquished

Notes
Turn   | Place    | Note
-------+----------+-------------------------------------------
     0 | D:1      | sanboga the Deep Dwarf Fighter began the quest for the Orb.
     0 | D:1      | Reached XP level 1. HP: 20/20 MP: 1/1
   103 | D:1      | Reached XP level 2. HP: 20/27 MP: 2/2
   363 | D:1      | Reached skill level 3 in Axes
   363 | D:1      | Reached XP level 3. HP: 10/33 MP: 3/3
   944 | D:2      | Found Ompofri's Armour Shop.
   952 | D:2      | Bought a +0 helmet for 49 gold pieces
  1175 | D:2      | Reached XP level 4. HP: 38/42 MP: 4/4
  1420 | D:2      | Found a faded altar of an unknown god.
  1715 | D:3      | Identified the ring of Xom's Fair Game {rElec MP+9 Dex+6}
  2409 | D:3      | Reached skill level 4 in Axes
  2485 | D:4      | Reached XP level 5. HP: 24/49 MP: 5/5
  2497 | D:4      | Found a sacrificial altar of Ru.
  2612 | D:4      | Reached XP level 6. HP: 20/56 MP: 6/6
  2766 | D:4      | Reached skill level 5 in Axes
  2792 | D:4      | Found an ancient bone altar of Kikubaaqudgha.
  2863 | D:4      | Found a basalt altar of Yredelemnul.
  3064 | D:5      | Entered Level 5 of the Dungeon
  3118 | D:5      | Reached XP level 7. HP: 33/64 MP: 7/7
  3119 | D:5      | Noticed Eustachio
  3244 | D:5      | Noticed Sigmund
  3255 | D:5      | Slain by an ogre

Illustrated notes

Levels and vault maps discovered:
D:1:      onia_arrival_mini_spirals, layout_basic
D:2:      layout_basic, serial_shops, shop, dilly_ecumenical_altar_fadedgnrine,
          small_statue_intersection, minmay_between
D:3:      layout_basic
D:4:      layout_rooms, mainiacjoe_overflow_alcove_4, nicolae_ru_awakened_eye,
          kennysheep_mini_moat
D:5:      layout_cave_pools, minmay_temple_entry_gardened_gates,
          nicolae_concentric_dashed_squares_wild, uniq_sigmund, uniq_eustachio

Skill      XL: |  1  2  3  4  5  6 |
---------------+-------------------+-----
Axes           | 3 4 5 |  5.6
Fighting       | 3 4 |  4.1
Armour         | 4 |  4.9
Shields        | 4 |  4.9

Action                   |  1- 3 |  4- 6 |  7- 9 || total
-------------------------+-------+-------+-------++-------
Melee: War axe           |   122 |   128 |    17 ||   267
 Abil: Heal Wounds       |     1 |     3 |     1 ||     5
  Use: Scroll            |     1 |     3 |     1 ||     5
       Potion            |       |     1 |     1 ||     2
Armor: Scale mail        |    51 |    72 |    10 ||   133
Dodge: Dodged            |    60 |    78 |     2 ||   140
Block: Buckler           |    23 |    47 |     4 ||    74
